 Dungeon Sprint DCSS version 0.16-a0-4097-gb4d75fa (webtiles) character file.

1000000 PolkaDot the Warrior (level 11, -21/140 HPs)
             Began as an Ogre Monk on Feb 25, 2015.
             Was a Believer of Makhleb.
             Demolished by a bag of meat
             ... wielding a +9 war axe
              (30 damage)
             ... in the Dungeon (Sprint VIII: "Arena of Blood").
             The game lasted 00:00:29 (10 turns).

PolkaDot the Warrior (Ogre Monk)                      Turns: 10, Time: 00:00:30

Health: -21/140    AC:  3    Str: 18    XL:     11   Next: 63%
Magic:  11/11      EV: 18    Int:  9    God:    Makhleb [**....]
Gold:   0          SH:  0    Dex: 15    Spells: 0 memorised, 10 levels left

rFire  . . .     SeeInvis .     i - +∞ Axe of Woe
rCold  . . .     Clarity  .     a - +0 robe
rNeg   . . .     SustAb   .     (shield restricted)
rPois  .         Gourm    .     (helmet restricted)
rElec  .         Spirit   .     (no cloak)
rCorr  .         Warding  .     (gloves unavailable)
rMut   .         NoTele   +     (boots unavailable)
MR     +....                    (no amulet)
Stlth  ++++......               (no ring)
                                (no ring)

@: somewhat resistant to hostile enchantments, stealthy
A: unfitting armour, tough skin 1
a: Minor Destruction, Renounce Religion


You were in the Dungeon.
You worshipped Makhleb.
Makhleb was pleased with you.
You were not hungry.

You visited 1 branch

Inventory:

Hand weapons
 i - the +∞ Axe of Woe (weapon)
   (You found it in the Dungeon)
Armour
 a - a +0 robe (worn)
Scrolls
 h - a scroll of blinking
Potions
 c - a potion of curing
 d - a potion of heal wounds
 e - a potion of haste
 f - 2 potions of magic
 g - a potion of berserk rage
Comestibles
 b - a meat ration


   Skills:
 + Level 17.8 Fighting
 + Level 13.2 Dodging
 + Level 13.0 Stealth
 + Level 13.4 Unarmed Combat


You had 10 spell levels left.
You didn't know any spells.

Dungeon Overview and Level Annotations

Branches:
Dungeon (1/1)

Altars:
Makhleb


Innate Abilities, Weirdness & Mutations

You are too large for most types of armour.
You have tough skin (AC +1).


Message History

Your experience leads to an increase in your attributes!
Increase (S)trength, (I)ntelligence, or (D)exterity?
You feel agile.
You feel stronger.
You have reached level 7!
You have reached level 8!
You have reached level 9!
Your experience leads to an increase in your attributes!
Increase (S)trength, (I)ntelligence, or (D)exterity?
You feel agile.
You feel stronger.
You have reached level 10!
You have reached level 11!
You hear a shout! x8
The meat berserker appears out of thin air!
A meat berserker comes into view. It is wielding a +9 battleaxe.
You hear a shout! x6
The meat berserker hits you with a +9 battleaxe!!!
* * * LOW HITPOINT WARNING * * *
You hear a shout! x8
The bag of meat hits you with a +9 war axe!!
You die...

... ....... ........ .
.......... ...
......... ..O
#.......# ..#..
#.......#
#......###.......###.
........@O..###.......
....#...oo..._........
#.......#.....#.....
.........#_.<._# .
.#.......#.....#
..#........_.....
.........###......
...###... ..###. #...
..#


You could see 2 meat berserkers and 2 bags of meat.

Vanquished Creatures
  An orc (D)
1 creature vanquished.

Notes
Turn   | Place    | Note
--------------------------------------------------------------
     0 | D        | PolkaDot, the Ogre Monk, began the quest for the Orb.
     0 | D        | Reached XP level 1. HP: 24/24 MP: 1/1
     3 | D        | Noticed a bag of meat
     4 | D        | Became a worshipper of Makhleb the Destroyer
     4 | D        | Acquired Makhleb's first power
     4 | D        | Acquired Makhleb's second power
     6 | D        | Noticed a meat berserker
     6 | D        | Noticed a bag of meat
     7 | D        | Noticed a bag of meat
    10 | D        | Killed a bag of meat
    10 | D        | Reached skill level 17 in Fighting
    10 | D        | Reached XP level 2. HP: 28/62 MP: 2/2
    10 | D        | Reached XP level 3. HP: 31/70 MP: 3/3
    10 | D        | Reached XP level 4. HP: 35/80 MP: 4/4
    10 | D        | Reached XP level 5. HP: 38/88 MP: 5/5
    10 | D        | Reached XP level 6. HP: 41/97 MP: 6/6
    10 | D        | Reached XP level 7. HP: 44/105 MP: 7/7
    10 | D        | Reached XP level 8. HP: 48/115 MP: 8/8
    10 | D        | Reached XP level 9. HP: 51/123 MP: 9/9
    10 | D        | Reached XP level 10. HP: 54/132 MP: 10/10
    10 | D        | Reached XP level 11. HP: 57/140 MP: 11/11
    10 | D        | Demolished by a bag of meat

Action                   |  1- 3 |  4- 6 |  7- 9 | 10-12 || total
-------------------------+-------+-------+-------+-------++-------
Melee: Executioner's axe |     1 |       |       |       ||     1
